 Dungeon Crawl Stone Soup version 0.21.1-1-g345015f (webtiles) character file.

16 tidbits the Charmwright (level 2, 26/26 HPs)
             Began as a Gnoll Skald on June 26, 2018.
             Quit the game on level 1 of the Dungeon.
             The game lasted 00:00:59 (154 turns).

tidbits the Charmwright (Gnoll Skald)                Turns: 154, Time: 00:01:00

Health: 26/26      AC:  3    Str: 13    XL:     2   Next: 58%
Magic:  4/7        EV: 14    Int: 15    God:
Gold:   41         SH:  0    Dex: 14    Spells: 5/10 levels left

rFire    . . .     SeeInvis .   a - +0 hand axe
rCold    . . .     Gourm    .   (no shield)
rNeg     . . .     Faith    .   b - +0 leather armour
rPois    .         Spirit   .   (no helmet)
rElec    .         Reflect  .   (no cloak)
rCorr    .         Harm     .   (no gloves)
MR       .....                  (no boots)
Stlth    +.........             (no amulet)
HPRegen  0.08/turn              (no ring)
MPRegen  0.10/turn              (no ring)

@: singing
A: distributed training, fangs 1, strong nose
a: no special abilities


You were on level 1 of the Dungeon.
You were not hungry.

You visited 1 branch of the dungeon, and saw 1 of its levels.

You collected 41 gold pieces.

Inventory:

Hand Weapons
 a - a +0 hand axe (weapon)
 g - a +0 dagger
Missiles
 e - 21 sling bullets
Armour
 b - a +0 leather armour (worn)
Scrolls
 f - a scroll of teleportation {unknown}
Potions
 h - a potion of brilliance {unknown}
Books
 c - a book of Battle

   Spells                             Type                      Level
   a - Infusion                       Charms                       1
   b - Shroud of Golubria             Charms/Translocation         2
   c - Song of Slaying                Charms                       2
   d - Spectral Weapon                Hexes/Charms                 3
   e - Regeneration                   Charms/Necromancy            3
Comestibles
 d - 3 rations


   Skills:
 + Level 4.5 Fighting
 + Level 0.4 Short Blades
 + Level 0.4 Long Blades
 + Level 4.5 Axes
 + Level 0.4 Maces & Flails
 + Level 0.4 Polearms
 + Level 0.4 Staves
 + Level 0.4 Slings
 + Level 0.4 Bows
 + Level 0.4 Crossbows
 + Level 0.4 Throwing
 + Level 2.5 Armour
 + Level 4.5 Dodging
 + Level 0.4 Stealth
 + Level 0.4 Shields
 + Level 0.4 Unarmed Combat
 + Level 4.9 Spellcasting
 + Level 0.2 Conjurations
 + Level 0.2 Hexes
 + Level 5.3 Charms
 + Level 0.2 Summonings
 + Level 0.2 Necromancy
 + Level 0.2 Translocations
 + Level 0.2 Transmutations
 + Level 0.2 Fire Magic
 + Level 0.2 Ice Magic
 + Level 0.2 Air Magic
 + Level 0.2 Earth Magic
 + Level 0.2 Poison Magic
 + Level 0.5 Invocations
 + Level 0.4 Evocations


You had 5 spell levels left.
You knew the following spells:

 Your Spells              Type           Power        Failure   Level  Hunger
g - Shroud of Golubria    Chrm/Tloc      ##........   10%         2    ##.....
i - Infusion              Chrm           ###.         2%          1    None
y - Song of Slaying       Chrm           ###.....     3%          2    ##.....


Dungeon Overview and Level Annotations

Branches:
Dungeon (1/15)

Altars:


Innate Abilities, Weirdness & Mutations

Your experience applies equally to all skills.
You have very sharp teeth.
Your uncanny sense of smell can sniff out nearby items.


Message History

You see here a scroll labeled ROFFEN JOAGAGG.
f - a scroll labeled ROFFEN JOAGAGG Your magical infusion is running out.
Unknown command.
Magic restored.
Found 16 gold pieces.
You are no longer magically infusing your attacks.
A gnoll comes into view.
The gnoll shouts!
Casting: Infusion
Confirm with . or Enter, or press ? or * to list all spells.
You begin infusing your attacks with magical energy.
The gnoll hits you but does no damage.
Unknown command.
You hit the gnoll. You bite the gnoll, but do no damage.
The gnoll is moderately wounded.
The gnoll hits you.
You hit the gnoll!
The gnoll is almost dead.
The gnoll hits you but does no damage.
You hit the gnoll!
You kill the gnoll!
You have reached level 2!
Memorise Song of Slaying, consuming 2 spell levels and leaving 7?
You start memorising the spell.
You continue memorising. x2
HP restored.
You finish memorising.
Spell assigned to 'y'.
Memorise Shroud of Golubria, consuming 2 spell levels and leaving 5?
You start memorising the spell.
You continue memorising. x2
You finish memorising.
Spell assigned to 'g'.
Things that are here:
16 gold pieces; a gnoll corpse You now have 31 gold pieces (gained 16).
There are no objects that can be picked up here. a gnoll corpse Your magical infusion is running out.
You are no longer magically infusing your attacks.
Found 20 stones.
Magic restored.
A ball python comes into view.
Found 10 gold pieces.
Casting: Infusion
Confirm with . or Enter, or press ? or * to list all spells.
You begin infusing your attacks with magical energy.
You slash the ball python!
You kill the ball python!
A kobold and a dart slug come into view.
The kobold shouts!
The kobold moves out of view.
Found a blue potion and a ration.
You see here a ball python corpse.
Casting: Infusion
Confirm with . or Enter, or press ? or * to list all spells.
You start singing a song of slaying.
You closely miss the kobold. You bite the kobold, but do no damage.
The kobold hits you but does no damage. The kobold completely misses you.
You closely miss the kobold. The kobold hits you with a dagger.
You closely miss the kobold. The kobold completely misses you.
You hit the kobold.
You kill the kobold!
The dart slug bites you.
Things that are here:
a dagger; a kobold corpse You hit the dart slug!
The dart slug is severely wounded.
The dart slug bites you.
You hit the dart slug.
You kill the dart slug!
g - a dagger You see here 10 gold pieces.
You now have 41 gold pieces (gained 10).
You see here a blue potion.
h - a blue potion You see here a ration.
d - 2 rations (gained 1)
Your song is almost over.
Your magical infusion is running out.
Found a ration.
Your song has ended.
You are no longer magically infusing your attacks.
You see here a ration.
d - 3 rations (gained 1)
A rat comes into view.
A goblin comes into view. It is wielding a club.
The goblin shouts!
The rat closely misses you.
Casting: Song of Slaying
Confirm with . or Enter, or press ? or * to list all spells.
You start singing a song of slaying.
The rat barely misses you.
Unknown command.
You barely miss the rat. You bite the rat, but do no damage.
The rat misses you.
You slash the rat!
You kill the rat!
You closely miss the goblin. The goblin barely misses you.
You slash the goblin!
You kill the goblin!
Things that are here:
a club; a rat corpse Are you sure you want to abandon this character and quit the game? (Confirm with "yes".)

########.#
#........#
#.########
#.# #)#
#.# #.#
###.#
#.@.# ∆
###.# #.#
#.# #.#
###


There were no monsters in sight!

Vanquished Creatures
  A gnoll (D:1)
  A dart slug (D:1)
  A goblin (D:1)
  A ball python (D:1)
  A bat (D:1)
  A kobold (D:1)
  A rat (D:1)
7 creatures vanquished.

Notes
Turn   | Place    | Note
-------+----------+-------------------------------------------
     0 | D:1      | tidbits the Gnoll Skald began the quest for the Orb.
     0 | D:1      | Reached XP level 1. HP: 20/20 MP: 6/6
    43 | D:1      | Reached XP level 2. HP: 25/26 MP: 2/7
    47 | D:1      | Learned a level 2 spell: Song of Slaying
    50 | D:1      | Learned a level 2 spell: Shroud of Golubria
   154 | D:1      | Quit the game

Action                   || total
-------------------------++-------
Melee: Hand axe          ||    15
       Bite              ||     3
 Cast: Infusion          ||     3
       Song of Slaying   ||     2
Armor: Leather armour    ||     3
Dodge: Dodged            ||     6

Table legend:
 A = Turns spent in this place as a percentage of turns spent in the entire game.
 B = Non-inter-level travel turns spent in this place as a percentage of non-inter-level travel turns spent in the entire game.
 C = Inter-level travel turns spent in this place as a percentage of turns spent in this place.
 D = Turns resting spent in this place as a percentage of non-inter-level travel turns spent in this place.
 E = Turns spent auto-exploring this place as a percentage of non-inter-level travel turns spent in this place.
 F = Non-inter-level travel turns spent in this place divided by the number of levels of this place that you've seen.
                   A       B       C       D       E      F
               +-------+-------+-------+-------+-------+----------------------
         Total | 100.0 | 100.0 |   0.0 |   0.0 |   0.0 | 154.0
       Dungeon | 100.0 | 100.0 |   0.0 |   0.0 |   0.0 | 154.0
               +-------+-------+-------+-------+-------+----------------------

Table legend:
 A = Kills in this place as a percentage of kills in entire the game.
 B = Kills by you in this place as a percentage of kills by you in the entire game.
 C = Kills by friends in this place as a percentage of kills by friends in the entire game.
 D = Other kills in this place as a percentage of other kills in the entire game.
 E = Experience gained in this place as a percentage of experience gained in the entire game.
 F = Experience gained in this place divided by the number of levels of this place that you have seen.
                   A       B       C       D       E      F
               +-------+-------+-------+-------+-------+----------------------
         Total | 100.0 | 100.0 |   N/A |   N/A | 100.0 |  24.0
       Dungeon | 100.0 | 100.0 |   N/A |   N/A | 100.0 |  24.0
               +-------+-------+-------+-------+-------+----------------------

Vault maps used:
D:1:      dpeg_arrival_more_subterranean_lakeside_camping
